 Dungeon Crawl Stone Soup version 0.20-a0-197-g1294df6 (webtiles) character file.

249 daggaz the Firebug (level 6, 0/32 HPs)
             Began as a Kobold Fire Elementalist on Nov 24, 2016.
             Killed from afar by an orc wizard (6 damage)
             ... with a puff of frost
             ... on level 3 of the Dungeon.
             The game lasted 00:17:44 (4741 turns).

daggaz the Firebug (Kobold Fire Elementalist)       Turns: 4741, Time: 00:17:45

Health: 0/32       AC:  2    Str:  6    XL:     6   Next: 34%
Magic:  4/9        EV: 15    Int: 18    God:
Gold:   185        SH:  0    Dex: 15    Spells: 5/9 levels left

rFire  . . .     SeeInvis .     k - +0 dagger
rCold  . . .     Gourm    .     a - +0 robe
rNeg   . . .     Faith    .     (shield restricted)
rPois  .         Spirit   .     (no helmet)
rElec  .         Reflect  .     (no cloak)
rCorr  .         Harm     .     (no gloves)
MR     .....                    (no boots)
Stlth  +++.......               (no amulet)
                                (no ring)
                                h - ring of stealth

@: no status effects
A: carnivore 3
a: no special abilities


You were on level 3 of the Dungeon.
You were completely stuffed.

You visited 1 branch of the dungeon, and saw 3 of its levels.

You collected 185 gold pieces.

Inventory:

Hand Weapons
 k - a +0 dagger (weapon)
Missiles
 d - 81 stones (quivered)
Armour
 a - a +0 robe (worn)
 l - a +0 leather armour
Jewellery
 h - a ring of stealth (left hand)
Scrolls
 g - 2 scrolls of amnesia
 i - a scroll of blinking {unknown}
 m - a scroll of enchant armour {unknown}
 n - a scroll of noise {unknown}
 q - a scroll of recharging
 r - a scroll of remove curse
Potions
 e - a potion of invisibility
 j - a potion of heal wounds
 o - 3 potions of curing {unknown}
 p - a potion of degeneration {unknown}
 s - a potion of berserk rage {unknown}
Books
 b - a book of Flames

   Spells                             Type                      Level
   a - Flame Tongue                   Conjuration/Fire             1
   b - Throw Flame                    Conjuration/Fire             2
   c - Conjure Flame                  Conjuration/Fire             3
   d - Inner Flame                    Hexes/Fire                   3
   e - Sticky Flame                   Conjuration/Fire             4
   f - Fireball                       Conjuration/Fire             5
Comestibles
 c - a meat ration
 f - a royal jelly


   Skills:
 - Level 2.4 Dodging
 - Level 2.6 Stealth
 - Level 2.1 Spellcasting
 * Level 4.5 Conjurations
 * Level 4.8 Fire Magic


You had 5 spell levels left.
You knew the following spells:

 Your Spells              Type           Power        Failure   Level  Hunger
a - Flame Tongue          Conj/Fire      ###..        2%          1    #......
b - Conjure Flame         Conj/Fire      ###.....     10%         3    ###....


Dungeon Overview and Level Annotations

Branches:
Dungeon (3/15)

Altars:
Cheibriados
Elyvilon
Kikubaaqudgha
Uskayaw
Yredelemnul


Innate Abilities, Weirdness & Mutations

You are small and have problems with some larger weapons.
You are carnivorous and can eat meat at any time.


Message History

Confirm with . or Enter, or press ? or * to list all spells.
Aiming: Flame Tongue
Press: ? - help, Shift-Dir - straight line, f/p - orc wizard
Aim: an orc wizard, wielding a dagger and wearing a robe (moderately wounded, fast)
The flame tongue hits the orc wizard.
The orc wizard is almost dead.
The orc wizard mumbles some strange words.
The orc wizard flickers and vanishes!
Deactivating autopickup; reactivate with Ctrl-A.
A puff of flame appears from out of thin air!
The puff of flame hits you!
* * * LOW HITPOINT WARNING * * *
You see here a stone.
You see here 2 stones.
A puff of frost appears from out of thin air!
The puff of frost misses you.
You see here 2 stones.
A puff of frost appears from out of thin air!
The puff of frost hits you!
You die...

#.# #.# #)# #.#
##.###### #.#
#.......# #.#
#.####).# #.# #)#
#..# #.. ##.##
#..# ### ### #.).#
#..# # #.# #.@.#
#..# # #.#
###(..###..# #
#.## ##.(.....##.#
#
#..###.(.......##>
8
##.##..(.≈≈≈....#
#.
#.##.§.§≈≈≈≈...#
_.
#.#...§≈{..≈≈...#
##.
#.#...≈≈.>.≈≈(..#
#8
#.#...≈≈...≈≈...#
##.


There were no monsters in sight!

Vanquished Creatures
  2 orc wizards (D:3)
  8 adders
  An ooze (D:1)
  4 worms
  A dart slug (D:1)
  8 leopard geckos
  3 orcs (D:3)
  7 bats
  5 giant cockroaches
  4 goblins
  6 hobgoblins
  12 jackals
  2 quokkas
  5 ball pythons
  6 frilled lizards
  5 kobolds
  A quokka skeleton (D:3)
  8 rats
88 creatures vanquished.

Notes
Turn   | Place    | Note
-------+----------+-------------------------------------------
     0 | D:1      | daggaz the Kobold Fire Elementalist began the quest for the Orb.
     0 | D:1      | Reached XP level 1. HP: 10/10 MP: 3/3
    69 | D:1      | Reached XP level 2. HP: 15/15 MP: 1/5
   684 | D:1      | Reached XP level 3. HP: 19/19 MP: 3/6
  1640 | D:2      | Reached XP level 4. HP: 24/24 MP: 3/7
  2186 | D:2      | Learned a level 3 spell: Conjure Flame
  2559 | D:2      | Reached XP level 5. HP: 28/28 MP: 1/8
  2811 | D:3      | Found a basalt altar of Yredelemnul.
  2812 | D:3      | Found a hide-covered altar of Uskayaw.
  3000 | D:3      | Found a white marble altar of Elyvilon.
  4058 | D:3      | Found a snail-covered altar of Cheibriados.
  4060 | D:3      | Found an ancient bone altar of Kikubaaqudgha.
  4486 | D:3      | Reached XP level 6. HP: 28/32 MP: 5/9
  4741 | D:3      | Killed from afar by an orc wizard

Vault maps used:
D:1:      mrwooster_arrival_statue_3
D:3:      minmay_wonky_spiral, marbit_many_paths,
          nicolae_overflow_hidden_temple, tgw_sif

Skill      XL: |  1  2  3  4  5 |
---------------+----------------+-----
Conjurations   | 2 3 4 |  4.5
Fire Magic     | 4 |  4.8
Dodging        | |  2.4
Stealth        | |  2.6
Spellcasting   | |  2.1

Action                   |  1- 3 |  4- 6 || total
-------------------------+-------+-------++-------
Melee: Dagger            |    16 |    23 ||    39
Throw: Stone             |    18 |    93 ||   111
 Cast: Flame Tongue      |    65 |   142 ||   207
       Conjure Flame     |       |     8 ||     8
  Use: Scroll            |     4 |     2 ||     6
       Potion            |       |     1 ||     1
  Eat: Chunk             |    11 |    13 ||    24
Armor: Robe              |     1 |     4 ||     5
Dodge: Dodged            |    28 |    54 ||    82
